Map: Catalyst LE

Players

Shadevar

  • Race: Zerg Zerg
  • League: Diamond
  • Spawn Location: 11:00

SpimanBCrt - Winner!

  • Race: Protoss Protoss
  • League: Diamond
  • Spawn Location: 5:00

VOD

Have the link to the VOD?

Description

Time

  • Played on: Jan. 13, 2018, 2:52 a.m.
  • Length: 28:51
Show
View Real Time Build Order
Export as new Build Order

Shadevar Zerg 

Build Orders: Hatch First 

Get SALT Encoding   

  12  0:00  Drone  
  13  0:13  Overlord  
  13  0:17  Drone  
  14  0:31  Drone x2  
  16  0:37  Drone  
  17  0:55  Hatchery  
  17  0:57  Drone  
  17  1:06  Drone  
  17  1:11  Drone, Extractor  
  17  1:18  Drone  
  19  1:22  Spawning Pool  
  18  1:29  Drone  
  19  2:09  Queen x2  
  19  2:10  Zergling x2  
  19  2:11  Zergling x6  
  19  2:13  Metabolic Boost  
  27  2:18  Zergling x2  
  28  2:23  Overlord  
  28  2:40  Overlord  
  28  2:42  Drone x2  
  30  2:46  Drone  
  30  2:51  Drone  
  32  3:02  Drone  
  33  3:06  Hatchery  
  33  3:07  Drone x2  
  34  3:19  Drone x2  
  37  3:20  Drone x2  
  37  3:26  Queen  
  40  3:38  Overlord  
  40  3:39  Drone x3  
  43  3:43  Overlord  
  43  3:45  Drone  
  44  3:59  Lair  
  44  4:05  Drone x3  
  44  4:06  Drone x4  
  44  4:07  Drone  
  52  4:18  Queen  
  52  4:20  Drone x3  
  51  4:38  Queen  
  50  4:54  Drone  
  50  4:55  Drone x2  
  50  4:57  Extractor  
  50  4:58  Extractor  
  50  4:59  Extractor  
  50  5:00  Drone x3  
  50  5:01  Hydralisk Den  
  50  5:02  Drone x6  
  50  5:04  Overlord x2  
  58  5:19  Overlord x2  
  58  5:21  Evolution Chamber x2  
  56  5:32  Muscular Augments  
  56  5:34  Drone x2  
  56  5:35  Overlord x2  
  58  5:37  Drone x4  
  58  5:38  Drone x3  
  65  5:45  Baneling Nest  
  65  5:46  Overseer  
  64  5:50  Extractor x2  
  64  5:53  Drone x3  
  64  5:54  Drone x3  
  64  5:56  Drone  
  69  5:58  Zerg Missile Weapons Level 1  
  69  6:02  Zerg Melee Weapons Level 1  
  69  6:09  Hydralisk  
  71  6:12  Hydralisk  
  69  6:43  Hydralisk x7  
  81  6:52  Overseer  
  65  7:15  Drone x9  
  65  7:16  Zergling x2, Hydralisk  
  65  7:17  Zergling x12, Hydralisk  
  65  7:20  Drone  
  81  7:30  Hydralisk x2  
  85  7:44  Centrifical Hooks  
  85  7:45  Drone x3  
  85  7:46  Drone  
  89  8:02  Overlord x3  
  89  8:04  Zerg Melee Weapons Level 2, Zerg Missile Weapons Level 2  
  89  8:19  Queen  
  89  8:23  Hydralisk  
  89  8:24  Hydralisk x8  
  89  8:27  Overlord x2  
  109  8:51  Drone x2  
  109  8:52  Drone x2, Hatchery  
  109  8:53  Drone x7  
  116  9:20  Pneumatized Carapace  
  116  9:23  Infestation Pit  
  114  9:31  Zergling x2  
  114  9:32  Zergling x28  
  114  9:34  Overlord  
  129  9:38  Overlord  
  129  9:39  Overlord  
  129  9:46  Hatchery  
  128  9:59  Hydralisk x6  
  130  10:00  Hydralisk x2  
  130  10:06  Hydralisk  
  130  10:07  Hydralisk x2  
  150  10:14  Drone x4  
  150  10:15  Drone  
  150  10:20  Drone x4  
  159  10:25  Overlord x2  
  159  10:31  Hive  
  159  11:02  Drone x4  
  159  11:03  Drone, Hydralisk x8  
  172  11:06  Overlord x2  
  180  11:12  Baneling  
  180  11:14  Baneling  
  180  11:15  Baneling x13  
  180  11:16  Baneling x8  
  180  11:17  Baneling  
  180  11:29  Spire  
  179  11:33  Zergling x10  
  179  11:34  Zergling x12  
  179  11:39  Extractor  
  189  11:40  Drone x5, Extractor  
  189  11:55  Hydralisk x3  
  189  11:56  Zergling x6  
  198  12:07  Overlord x2  
  176  12:22  Zergling x2  
  122  12:23  Zergling x24, Hydralisk x7  
  145  12:31  Drone x2  
  145  12:32  Drone  
  145  12:33  Drone x3  
  145  12:35  Zerg Missile Weapons Level 3  
  151  12:37  Zerg Ground Armor Level 1  
  151  12:45  Greater Spire  
  151  13:02  Hatchery  
  150  13:06  Baneling  
  150  13:07  Baneling x31  
  150  13:12  Queen  
  150  13:17  Drone x11  
  163  13:22  Zergling x2  
  163  13:23  Zergling x12  
  170  13:32  Corruptor  
  170  13:33  Corruptor x2  
  176  13:41  Corruptor x3  
  176  13:46  Corruptor  
  176  13:47  Corruptor  
  178  14:04  Brood Lord x2  
  178  14:06  Brood Lord  
  184  14:13  Brood Lord x3  
  184  14:16  Brood Lord  
  192  14:18  Brood Lord  
  192  14:20  Hydralisk  
  192  14:21  Hydralisk x2  
  200  14:40  Hatchery  
  199  15:20  Zerg Flyer Weapons Level 1  
  174  15:26  Hydralisk x12  
  174  15:27  Zergling x2, Hydralisk  
  174  15:28  Zergling x32, Hydralisk x5  
  183  15:48  Zergling x2  
  183  15:49  Zergling x20, Hydralisk x5  
  180  15:56  Corruptor x2  
  129  16:14  Corruptor x5  
  129  16:18  Hydralisk x2  
  133  16:48  Hatchery, Hydralisk x5  
  133  16:49  Zergling x8  
  133  16:50  Zergling x12  
  152  16:59  Extractor  
  152  17:00  Brood Lord x2  
  152  17:01  Brood Lord, Extractor  
  156  17:05  Brood Lord  
  158  17:16  Brood Lord x2  
  158  17:17  Brood Lord  
  158  17:22  Baneling  
  164  17:23  Baneling x17  
  164  17:27  Hydralisk x2  
  164  17:29  Zergling x2  
  170  17:37  Drone x2  
  170  17:41  Baneling x5  
  170  17:42  Baneling x7  
  171  17:59  Zerg Melee Weapons Level 3  
  171  18:01  Zerg Ground Armor Level 2  
  171  18:05  Hydralisk x2  
  173  18:09  Zergling x20  
  173  18:10  Zergling x12  
  178  18:38  Zergling x30  
  178  18:39  Zergling x10  
  171  18:44  Hydralisk x2  
  170  18:56  Hydralisk  
  170  18:57  Hydralisk x13  
  183  19:11  Zergling x2  
  183  19:12  Zergling x22  
  165  19:28  Corruptor  
  165  19:29  Corruptor x3  
  173  19:32  Zergling x4  
  173  19:33  Zergling x2, Hatchery  
  141  20:01  Hydralisk x9  
  141  20:02  Hydralisk  
  135  20:25  Brood Lord x3  
  109  20:58  Brood Lord  
  105  21:07  Spore Crawler  
  105  21:08  Spine Crawler, Spore Crawler  
  105  21:09  Hydralisk  
  84  21:11  Spine Crawler  
  84  21:12  Spine Crawler  
  84  21:13  Zergling x4  
  84  21:14  Zergling x20  
  71  22:06  Spore Crawler  
  70  22:08  Spine Crawler  
  70  22:11  Spine Crawler  
  67  22:17  Drone x12  
  76  22:48  Spore Crawler  
  76  22:49  Spine Crawler  
  76  22:50  Spine Crawler  
  73  22:52  Drone x9  
  75  23:30  Zergling x2  
  75  23:31  Zergling x10  
  65  23:34  Queen  
  65  23:35  Queen  
  65  23:37  Extractor  
  65  23:39  Extractor  
  57  24:01  Hydralisk  
  53  24:21  Zergling x12  
  46  24:38  Zergling x4  
  44  24:43  Zergling x2  
  44  24:44  Zergling x6  
  46  24:49  Spine Crawler x2  
  44  25:01  Lair  
  39  25:14  Zergling x2  
  39  25:15  Zergling x4  
  41  25:24  Hatchery  
  35  25:36  Zergling x2  
  36  25:48  Hatchery  
  35  25:56  Hatchery  
  34  25:59  Spine Crawler  
  33  26:07  Spore Crawler x2  
  33  26:09  Spine Crawler  
  30  26:11  Spine Crawler  
  30  26:14  Hydralisk x3  
  34  26:32  Extractor  
  29  26:33  Extractor  
  27  26:49  Spawning Pool  
  26  26:57  Zergling x12  
  32  27:12  Drone x3  
  32  27:13  Drone x4  
  33  27:39  Zergling x16  
  33  27:42  Queen  
  43  27:56  Drone  
  43  27:57  Drone x5  
  49  28:00  Drone x3  
  52  28:10  Zergling x6  
  55  28:14  Queen  
  55  28:16  Hatchery  
Show
View Real Time Build Order
Export as new Build Order

SpimanBCrt Protoss - Winner!

Build Orders: 1 Gate Expand, Oracle Opening, Zealot Archon 

Get SALT Encoding   

  12  0:01  Probe (Chrono Boost)  
  13  0:10  Probe (Chrono Boost)  
  14  0:25  Pylon  
  14  0:26  Probe  
  15  0:44  Probe  
  15  0:46  Gateway  
  15  0:47  Assimilator  
  16  0:56  Probe (Chrono Boost)  
  17  1:08  Probe (Chrono Boost)  
  18  1:13  Probe (Chrono Boost)  
  19  1:24  Probe  
  20  1:31  Nexus  
  20  1:40  Cybernetics Core  
  20  1:48  Pylon  
  20  1:50  Probe  
  21  2:04  Gateway  
  21  2:05  Probe  
  22  2:11  Assimilator  
  22  2:15  Warp Gate (Chrono Boost)  
  22  2:17  Probe  
  23  2:26  Adept  
  25  2:44  Stargate  
  24  2:45  Probe (Chrono Boost)  
  26  2:54  Probe (Chrono Boost)  
  26  2:56  Adept (Chrono Boost)  
  26  2:57  Probe (Chrono Boost)  
  29  3:02  Shield Battery  
  29  3:08  Probe  
  29  3:09  Probe  
  31  3:15  Shield Battery  
  31  3:20  Probe  
  31  3:25  Probe  
  33  3:27  Oracle (Chrono Boost)  
  33  3:32  Probe  
  37  3:39  Probe, Twilight Council  
  38  3:45  Probe  
  39  3:49  Pylon  
  39  3:51  Probe  
  40  3:57  Probe  
  41  4:03  Void Ray (Chrono Boost)  
  41  4:06  Probe  
  46  4:11  Probe  
  46  4:15  Pylon  
  47  4:18  Probe  
  47  4:22  Adept  
  47  4:23  Probe  
  51  4:30  Probe  
  52  4:35  Probe  
  53  4:42  Probe  
  54  4:47  Probe  
  54  4:52  Dark Shrine  
  52  4:58  Probe, Gateway x2  
  52  4:59  Probe  
  54  5:00  Assimilator  
  54  5:01  Gateway  
  54  5:03  Adept x2  
  58  5:28  Resonating Glaives (Chrono Boost), Nexus  
  58  5:30  Pylon  
  58  5:34  Pylon  
  58  5:38  Probe  
  58  5:41  Assimilator  
  59  5:47  Forge  
  59  5:54  Pylon  
  59  5:57  Adept x2  
  63  6:06  Pylon  
  63  6:08  Shield Battery  
  63  6:09  Shield Battery  
  63  6:10  Dark Templar x3  
  69  6:28  Probe x2  
  69  6:40  Probe  
  69  6:44  Protoss Ground Weapons Level 1 (Chrono Boost)  
  62  6:47  Probe  
  62  6:52  Probe  
  58  7:16  Probe x2  
  58  7:17  Probe  
  58  7:19  Photon Cannon x2  
  58  7:20  Dark Templar x3  
  58  7:21  Dark Templar  
  58  7:22  Photon Cannon  
  63  7:23  Photon Cannon  
  63  7:25  Photon Cannon  
  63  7:27  Charge (Chrono Boost)  
  63  7:30  Gateway  
  63  7:31  Archon x2, Gateway  
  63  7:33  Gateway  
  63  7:34  Gateway  
  63  7:38  Photon Cannon  
  63  7:47  Probe x2  
  63  7:51  Adept  
  67  7:53  Stalker x2  
  67  7:54  Stalker  
  67  7:55  Probe  
  74  7:59  Probe  
  74  8:00  Probe, Pylon  
  74  8:04  Pylon  
  76  8:11  Robotics Facility, Dark Templar  
  76  8:12  Dark Templar  
  80  8:16  Archon  
  80  8:25  Dark Templar  
  82  8:28  Protoss Ground Weapons Level 2 (Chrono Boost)  
  82  8:32  Probe x2  
  82  8:33  Assimilator  
  84  8:35  Assimilator  
  84  8:38  Zealot x3  
  84  8:39  Zealot x3  
  96  8:41  Probe  
  96  8:44  Probe x2  
  99  8:49  Pylon  
  99  8:54  Templar Archives  
  99  9:02  Observer (Chrono Boost)  
  100  9:07  Gateway  
  100  9:08  Gateway  
  100  9:09  Gateway  
  100  9:11  Pylon  
  100  9:18  Dark Templar x2  
  100  9:20  Probe x2  
  100  9:23  Psionic Storm  
  104  9:29  Photon Cannon, Archon  
  104  9:30  Stalker  
  104  9:31  Photon Cannon, Stalker  
  108  9:34  Pylon  
  108  9:36  Pylon  
  108  9:40  Probe x2  
  108  9:44  Observer  
  111  9:48  High Templar  
  111  9:50  Probe  
  111  9:52  Probe x2  
  116  9:56  Zealot x4  
  124  10:03  High Templar  
  126  10:09  Forge  
  126  10:14  Dark Templar x2  
  130  10:22  Archon x2  
  130  10:24  High Templar  
  130  10:27  Zealot x2  
  136  10:30  Nexus  
  136  10:31  Pylon  
  136  10:40  High Templar x2  
  136  10:41  Protoss Ground Armor Level 1 (Chrono Boost)  
  132  10:46  Pylon  
  132  11:02  Robotics Bay  
  132  11:09  Zealot x2  
  132  11:10  Zealot, Stalker x2  
  132  11:11  Shield Battery  
  142  11:12  Sentry  
  142  11:13  Shield Battery  
  142  11:15  Pylon  
  142  11:17  Sentry  
  146  11:20  Pylon  
  146  11:21  Zealot x3  
  146  11:22  Zealot  
  146  11:23  Photon Cannon  
  146  11:25  Photon Cannon  
  154  11:30  Shield Battery  
  154  11:31  Shield Battery  
  154  11:33  High Templar  
  154  11:35  High Templar  
  154  11:39  Immortal (Chrono Boost)  
  158  11:44  Observer  
  162  11:49  Protoss Ground Weapons Level 3 (Chrono Boost)  
  154  11:59  Probe x2  
  154  12:00  Probe x2  
  158  12:04  Assimilator  
  158  12:08  Assimilator  
  158  12:10  High Templar  
  144  12:18  Archon x2  
  144  12:20  Stalker x3  
  144  12:21  Zealot, Stalker  
  128  12:23  Zealot x5  
  138  12:30  Colossus (Chrono Boost)  
  138  12:31  Zealot  
  146  12:39  Probe x4  
  150  12:47  Extended Thermal Lance (Chrono Boost)  
  151  12:51  Probe  
  151  12:55  High Templar  
  151  12:56  High Templar  
  155  13:02  Zealot  
  155  13:03  Zealot x5  
  167  13:12  High Templar  
  167  13:13  High Templar  
  167  13:14  Probe  
  167  13:15  Probe x2  
  167  13:17  Colossus (Chrono Boost)  
  174  13:22  Protoss Ground Armor Level 2 (Chrono Boost)  
  180  13:27  Sentry  
  180  13:28  Sentry  
  184  13:42  Probe x2  
  184  13:43  Probe  
  185  13:50  Photon Cannon  
  185  13:53  Photon Cannon  
  185  13:55  Photon Cannon  
  177  13:59  High Templar x2  
  179  14:03  Archon  
  179  14:04  High Templar x2  
  179  14:07  Nexus  
  179  14:08  Archon  
  179  14:09  Pylon  
  183  14:16  High Templar x2  
  187  14:20  Archon  
  187  14:21  Photon Cannon, Colossus (Chrono Boost)  
  187  14:23  Photon Cannon  
  187  14:25  Photon Cannon  
  187  14:28  Photon Cannon  
  193  14:32  Probe x3  
  193  14:35  Zealot x2  
  200  15:05  Stalker x2  
  161  15:24  Archon x2  
  161  15:27  Stalker x4  
  161  15:28  Stalker x4  
  136  15:35  Stalker  
  136  15:36  Stalker x3  
  136  15:39  Blink (Chrono Boost)  
  132  15:55  Protoss Ground Armor Level 3 (Chrono Boost)  
  126  16:06  Protoss Shields Level 1 (Chrono Boost)  
  126  16:07  Stalker x3  
  126  16:08  Zealot x4  
  126  16:09  Zealot x5  
  122  16:20  Observer  
  126  16:26  Probe x2  
  126  16:28  Photon Cannon  
  126  16:30  Photon Cannon  
  126  16:31  Photon Cannon  
  128  16:35  High Templar x6  
  128  16:37  High Templar  
  142  16:44  Zealot x2  
  146  16:48  Immortal (Chrono Boost)  
  144  16:58  High Templar x3  
  150  17:01  Gateway  
  150  17:04  Zealot  
  150  17:05  Zealot  
  154  17:20  Observer, Observer Gravitic Boosters (Chrono Boost)  
  155  17:31  High Templar x2, Stalker  
  155  17:32  Zealot x2  
  155  17:33  Zealot x5  
  155  17:34  Zealot  
  155  17:35  Zealot  
  179  17:50  Photon Cannon  
  179  17:52  Pylon  
  179  17:54  Photon Cannon, Pylon  
  179  17:56  High Templar x2  
  183  17:58  Robotics Facility  
  183  18:02  Zealot x2  
  183  18:03  Zealot, Stalker x2  
  183  18:04  Stalker  
  163  18:38  Archon x3  
  137  18:43  Dark Templar  
  137  18:44  Dark Templar x4  
  137  18:45  Zealot x4  
  137  18:46  Zealot x3  
  154  18:58  Assimilator  
  151  19:03  Assimilator  
  135  19:11  Colossus (Chrono Boost)  
  135  19:15  Colossus (Chrono Boost)  
  123  19:18  Zealot  
  123  19:19  Zealot x4  
  123  19:20  Zealot x4  
  123  19:21  Zealot  
  117  19:34  Photon Cannon  
  117  19:37  Photon Cannon  
  116  19:40  Pylon  
  110  19:52  Stalker x4  
  94  20:00  Stalker  
  94  20:01  Stalker  
  88  20:25  High Templar x4  
  89  20:31  Archon x2  
  86  20:38  Zealot  
  68  20:55  Dark Templar x4  
  74  21:15  Gateway  
  73  21:18  Gateway  
  73  21:21  Gateway  
  73  21:26  Cybernetics Core  
  73  21:37  Gateway  
  73  21:44  Archon  
  73  21:45  Pylon, Archon  
  73  21:54  Gateway  
  69  22:20  Stalker x2  
  69  22:21  Stalker  
  72  22:32  Stalker  
  68  22:37  Stalker x2  
  66  22:47  Stalker  
  66  22:49  Stalker  
  63  22:56  Stalker  
  65  23:00  Stalker x2  
  69  23:07  Stalker  
  69  23:17  Pylon  
  69  23:18  Pylon  
  52  23:42  Zealot x3  
  52  23:43  Zealot x2  
  50  24:25  Nexus  
  32  25:17  Twilight Council  
  32  25:19  Zealot  
  32  25:20  Zealot x3  
  34  25:35  Pylon  
  34  25:41  Probe x2  
  36  26:00  Templar Archives  
  36  26:14  Probe  
  36  26:15  Probe  
  34  26:38  High Templar x2  
  34  26:39  High Templar x2  
  42  26:47  Archon  
  42  26:48  Forge, Archon  
  42  26:49  Probe x2  
  42  26:53  Pylon  
  44  26:55  Zealot  
  44  27:01  Probe  
  45  27:03  Gateway  
  43  27:08  High Templar  
  43  27:10  High Templar  
  43  27:11  High Templar x2  
  43  27:14  Archon  
  51  27:15  Archon  
  51  27:19  Assimilator  
  51  27:27  High Templar  
  51  27:28  Photon Cannon  
  53  27:34  High Templar  
  55  27:38  Zealot, Archon  
  57  27:44  Zealot x2  
  61  27:58  Assimilator, Zealot  
  61  27:59  Zealot  
  61  28:00  Zealot  
  55  28:34  Zealot x5  
  55  28:35  Zealot  
Tags
 
Add a new tag
Caveats
  • Supply blocks, unpowered buildings, or Contaminate may cause inaccurate times.
  • Supply counts are checked every 10 seconds.